 Dungeon Crawl Stone Soup version 0.18.1-48-g4cf74bf (webtiles) character file.

317 Inkary the Covered (level 6, 0/48 HPs)
             Began as a Demonspawn Wanderer on Sept 3, 2016.
             Slain by a hound (3 damage)
             ... on level 4 of the Dungeon.
             The game lasted 00:05:36 (3230 turns).

Inkary the Covered (Demonspawn Wanderer)            Turns: 3230, Time: 00:05:37

Health: 0/48       AC: 10    Str: 12    XL:     6   Next: 20%
Magic:  7/7        EV:  8    Int: 13    God:
Gold:   116        SH:  0    Dex: 15    Spells: 2 memorised, 3 levels left

rFire  . . .     SeeInvis .     k - +3 mace
rCold  . . .     Gourm    .     a - +2 scale mail
rNeg   . . .     Faith    .     (no shield)
rPois  .         Spirit   .     m - +0 helmet (curse)
rElec  .         Dismiss  .     (no cloak)
rCorr  .         Reflect  .     (no gloves)
SustAt .         Harm     .     (no boots)
MR     .....                    (no amulet)
Stlth  ..........               (no ring)
                                (no ring)

@: not resistant to hostile enchantments, extremely unstealthy
A: hooves 2, powered by pain 1
a: no special abilities


You were on level 4 of the Dungeon.
You were hungry.

You visited 1 branch of the dungeon, and saw 4 of its levels.

You collected 116 gold pieces.

Inventory:

Hand Weapons
 k - a +3 mace (weapon)
Missiles
 p - 2 throwing nets (quivered)
Armour
 a - a +2 scale mail (worn)
 m - a cursed +0 helmet (worn)
Scrolls
 d - 4 scrolls of remove curse {unknown}
 e - 4 scrolls of identify {unknown}
 o - 2 scrolls of blinking {unknown}
 r - a scroll of teleportation {unknown}
 s - 2 scrolls of magic mapping {unknown}
Potions
 h - a potion of haste {unknown}
 i - a potion of berserk rage {unknown}
 l - a potion of flight {unknown}
 n - a potion of heal wounds {unknown}
 q - a potion of lignification {unknown}
 u - 2 potions of degeneration {unknown}
Books
 b - Waklusuit's Disquisition on the Volcanoes

   Spells                             Type                      Level
   a - Flame Tongue                   Conjuration/Fire             1
   b - Ignite Poison                  Fire/Transmutation/Poison    3
 c - the Reference Book on Necromancy

   Spells                             Type                      Level
   a - Animate Skeleton               Necromancy                   1
   b - Regeneration                   Charms/Necromancy            3
Comestibles
 f - 6 bread rations
 g - a royal jelly
 j - 3 meat rations
 t - a fruit


   Skills:
 + Level 3.7 Fighting
 + Level 3.0 Maces & Flails
 + Level 4.2 Armour
   Level 1.0 Shields
 - Level 1.0 Spellcasting
   Level 1.0 Hexes
 - Level 1.5 Necromancy
   Level 1.0 Evocations


You had 3 spell levels left.
You knew the following spells:

 Your Spells              Type           Power        Failure   Level  Hunger
a - Animate Skeleton      Necr           N/A          78%         1    ##.....
b - Regeneration          Chrm/Necr      #.........   100%        3    ####...


Dungeon Overview and Level Annotations

Branches:
Dungeon (4/15)
 Temple: D:4-7

Altars:


Innate Abilities, Weirdness & Mutations

You have hoof-like feet.
You sometimes gain a little power by taking damage.


Message History

You hit the hound.
The hound is moderately wounded.
The hound bites you but does no damage. The hound completely misses you.
You hit the hound. You kick the hound, but do no damage.
The hound is heavily wounded.
The hound barely misses you. The hound bites you.
* * * LOW HITPOINT WARNING * * *
You open the door. The hound barely misses you. The hound barely misses you.
There is an open door here.
The hound bites you but does no damage.
You closely miss the hound.
The hound is heavily wounded.
The hound barely misses you. The hound bites you.
* * * LOW HITPOINT WARNING * * *
The hound closely misses you. The hound bites you but does no damage.
You hear the brisk rusting of a distant drain.
The hound bites you.
You die...

#.....##...#.. #.....##...##.
#...........#. #...........#.
.####+#####...........#.
......................#.
..............).......'. .
........h.............#.
..#######....@###w######....#.
#......#.....###.....##....#.
#......#.............#.....#.
#......#.............#.....#.
#......'.............#.....#.
#......#.............#.....#.
#......#.............#.....#.
#......#.............#.....#.
#......#...#################.


You could see a hound.

Vanquished Creatures
  An ogre (D:4)
  2 hounds (D:3)
  A worker ant (D:4)
  Robin (D:2)
  A gnoll (D:3)
  2 adders
  2 oozes (D:1)
  3 worms
  3 dart slugs
  A giant gecko (D:1)
  4 orcs (D:3)
  7 bats
  3 giant cockroaches
  14 goblins
  8 hobgoblins
  5 jackals
  10 kobolds
  3 quokkas
  5 giant newts
  8 rats
84 creatures vanquished.

Notes
Turn   | Place    | Note
--------------------------------------------------------------
     0 | D:1      | Inkary the Demonspawn Wanderer began the quest for the Orb.
     0 | D:1      | Inkary set off with: a +2 scale mail, Waklusuit's Disquisition on the Volcanoes, the Reference Book on Necromancy, a +0 dagger, a bread ration
     0 | D:1      | Reached XP level 1. HP: 15/15 MP: 2/2
   196 | D:1      | Reached skill level 3 in Armour
   196 | D:1      | Gained mutation: You have large cloven feet. [demonic ancestry]
   196 | D:1      | Reached XP level 2. HP: 21/21 MP: 3/3
   212 | D:1      | Learned a level 1 spell: Animate Skeleton
   634 | D:1      | Gained mutation: You have hoof-like feet. [demonic ancestry]
   634 | D:1      | Reached XP level 3. HP: 20/27 MP: 4/4
   728 | D:1      | Identified Waklusuit's Disquisition on the Volcanoes
   728 | D:1      | Identified the Reference Book on Necromancy
   732 | D:1      | Learned a level 3 spell: Regeneration
  1240 | D:2      | Noticed Robin
  1260 | D:2      | Killed Robin
  1263 | D:2      | HP: 1/28 [hobgoblin/club[Robin] (8)]
  1545 | D:2      | Gained mutation: You sometimes gain a little power by taking damage. [demonic ancestry]
  1545 | D:2      | Reached XP level 4. HP: 25/34 MP: 5/5
  2468 | D:3      | Reached XP level 5. HP: 36/41 MP: 6/6
  2763 | D:3      | Reached skill level 4 in Armour
  3039 | D:4      | Noticed an ogre
  3047 | D:4      | Killed an ogre
  3047 | D:4      | Reached XP level 6. HP: 7/47 MP: 7/7
  3226 | D:4      | HP: 2/48 [hound (4)]
  3230 | D:4      | Slain by a hound

Skill      XL: |  1  2  3  4  5 |
---------------+----------------+-----
Armour         | 3 4 |  4.2
Fighting       | 2 3 |  3.7
Maces & Flails | 2 3 |  3.0
Shields        | |  1.0
Spellcasting   | |  1.0
Hexes          | |  1.0
Necromancy     | |  1.5
Evocations     | |  1.0

Action                   |  1- 3 |  4- 6 || total
-------------------------+-------+-------++-------
Melee: Dagger            |    45 |       ||    45
       Mace              |    94 |   143 ||   237
       Kick              |    24 |    33 ||    57
  Use: Potion            |     1 |       ||     1
  Eat: Chunk             |     2 |     5 ||     7
Armor: Scale mail        |    90 |    97 ||   187
Dodge: Dodged            |    75 |    76 ||   151
